 Dungeon Crawl Stone Soup version 0.21.1-1-g345015f (webtiles) character file.

1032 glosham the Cleaver (level 8, -5/57 HPs)
             Began as a Barachi Warper on Apr 26, 2018.
             Slain by kolakolka's ghost (14 damage)
             ... on level 5 of the Dungeon.
             The game lasted 01:13:05 (3400 turns).

glosham the Cleaver (Barachi Warper)                Turns: 3400, Time: 01:13:05

Health: -5/57      AC:  4    Str: 21    XL:     8   Next: 23%
Magic:  11/11      EV: 12    Int: 13    God:
Gold:   255        SH:  0    Dex: 11    Spells: 3/11 levels left

rFire    . . .     SeeInvis .   a - +0 war axe
rCold    . . .     Gourm    .   (no shield)
rNeg     . . .     Faith    .   t - +0 robe
rPois    .         Spirit   .   (no helmet)
rElec    .         Reflect  .   o - +0 cloak
rCorr    .         Harm     .   (no gloves)
MR       .....                  p - +0 pair of boots
Stlth    +.........             (no amulet)
HPRegen  0.19/turn              (no ring)
MPRegen  0.12/turn              (no ring)

@: mighty, hasted, quick
A: +LOS, swims, slowness 1, strong legs 1
a: Hop


You were on level 5 of the Dungeon.
You were not hungry.

You visited 1 branch of the dungeon, and saw 5 of its levels.

You collected 255 gold pieces.

Inventory:

Hand Weapons
 a - a +0 war axe (weapon)
 b - a +2 flail of crushing
 c - a +0 blowgun
 d - a +0 spear
 y - a +0 hand axe
 C - a +0 scythe
 F - a +0 shortbow
Missiles
 e - 5 tomahawks of dispersal
 k - 137 stones
 m - 120 arrows
 q - 3 steel javelins (quivered)
 r - 13 tomahawks
 u - 101 bolts
 x - 12 poisoned needles
Armour
 l - a +0 leather armour
 n - a +0 scale mail
 o - a +0 cloak (worn)
 p - a +0 pair of boots (worn)
 t - a +0 robe (worn)
 D - a +0 ring mail
Scrolls
 g - 2 scrolls of blinking
 j - 7 scrolls of amnesia
 A - a scroll of remove curse
Potions
 h - a potion of flight
 v - a potion of invisibility
 z - 2 potions of curing
 B - a potion of magic
Books
 w - a book of Spatial Translocations

   Spells                             Type                      Level
   a - Blink                          Translocation                2
   b - Shroud of Golubria             Charms/Translocation         2
   c - Lesser Beckoning               Translocation                3
   d - Gell's Gravitas                Translocation                3
   e - Teleport Other                 Translocation                3
   f - Passage of Golubria            Translocation                4
Comestibles
 f - 10 rations
 E - 7 chunks of flesh


   Skills:
 * Level 2.4 Fighting
 * Level 8.1 Axes
 - Level 1.0 Throwing
 - Level 1.2 Armour
 - Level 2.1 Dodging
 - Level 2.1 Spellcasting
 - Level 7.3 Translocations


You had 3 spell levels left.
You knew the following spells:

 Your Spells              Type           Power        Failure   Level  Hunger
b - Blink                 Tloc           N/A          1%          2    ###....
g - Passage of Golubria   Tloc           N/A          12%         4    #####..
s - Shroud of Golubria    Chrm/Tloc      ##........   9%          2    ###....


Dungeon Overview and Level Annotations

Branches:
Dungeon (5/15)
 Temple: D:4-7

Altars:
Okawaru
Uskayaw

Shops:
D:4 }

Annotations:
D:5 kolakolka's ghost, novice TrEE


Innate Abilities, Weirdness & Mutations

Shadows flee at your approach. (+LOS)
You can swim through water.
You cover ground slowly.
You can hop short distances.


Message History

Okay, then.
Found an escape hatch in the floor.
You feel yourself speed up.
You feel very mighty all of a sudden.
You barely miss kolakolka's ghost.
Kolakolka's ghost ripples.
Kolakolka's ghost gestures at you while chanting.
The blast of sand hits you!
You barely miss kolakolka's ghost. You closely miss kolakolka's ghost.
Kolakolka's ghost hits you!
You barely miss kolakolka's ghost.
Kolakolka's ghost whispers, "The ORB doesn't exist."
Kolakolka's ghost hits you!
You slash kolakolka's ghost!
Kolakolka's ghost is lightly damaged.
Kolakolka's ghost gestures at you while chanting.
The blast of sand hits you!
You slash kolakolka's ghost!
Kolakolka's ghost is moderately damaged.
Kolakolka's ghost points at you and mumbles some strange words.
The blast of sand hits you!
You hit kolakolka's ghost.
Kolakolka's ghost is moderately damaged.
You barely miss kolakolka's ghost.
Kolakolka's ghost is moderately damaged.
The earth trembles for a moment.
Kolakolka's ghost closely misses you.
You barely miss kolakolka's ghost.
Kolakolka's ghost is moderately damaged.
Kolakolka's ghost hits you!
* * * LOW HITPOINT WARNING * * *
You hit kolakolka's ghost.
Kolakolka's ghost is moderately damaged.
Okay, then.
You feel better. Kolakolka's ghost hits you!
* * * LOW HITPOINT WARNING * * *
You hit kolakolka's ghost.
Kolakolka's ghost is heavily damaged.
Kolakolka's ghost hits you!
You die...

## #.............###.####
..?.#.##.#..###..........
...#. #.#..#........####
####>#. #......#.....#####
......####..###..........
.........##..........#####
##.#. ...............# #
......##.W#######...## #
.........@# #...# #
#.##.#...# #...#
.##.#...### #...#####
...........#####...#...##
..####.###..........###.#
#. #..........# #.. #.
#..........###..
.......#####...#.....
##.##.## #...####..


You could see kolakolka's ghost.

Vanquished Creatures
  Sigmund (D:2)
  2 ogres
  A phantom (D:4)
  A centaur (D:5)
  5 crimson imps
  2 orc priests (D:4)
  A jelly (D:5)
  A bullfrog skeleton (D:5)
  An orc wizard (D:2)
  3 worker ants
  A hound skeleton (D:4)
  7 adders
  An adder skeleton (D:5)
  2 worms (D:3)
  2 leopard geckos
  13 orcs
  3 giant cockroaches
  3 goblins
  4 hobgoblins
  3 jackals
  A quokka (D:5)
  4 bats
  A frilled lizard (D:3)
  7 kobolds
  A quokka zombie (D:5)
  7 rats
78 creatures vanquished.

Notes
Turn   | Place    | Note
-------+----------+-------------------------------------------
     0 | D:1      | glosham the Barachi Warper began the quest for the Orb.
     0 | D:1      | Reached XP level 1. HP: 17/17 MP: 3/3
   387 | D:1      | Reached skill level 3 in Axes
   387 | D:1      | Reached XP level 2. HP: 13/23 MP: 5/5
   392 | D:1      | Learned a level 2 spell: Blink
   395 | D:1      | Learned a level 2 spell: Shroud of Golubria
   661 | D:2      | Noticed Sigmund
   672 | D:2      | Killed Sigmund
   672 | D:2      | Reached skill level 6 in Axes
   672 | D:2      | Reached XP level 3. HP: 13/28 MP: 4/6
   672 | D:2      | Reached XP level 4. HP: 16/34 MP: 4/7
   672 | D:2      | Reached XP level 5. HP: 19/39 MP: 4/8
   957 | D:2      | Learned a level 4 spell: Passage of Golubria
  1343 | D:3      | Noticed an ogre
  1376 | D:3      | Killed an ogre
  1376 | D:3      | Reached skill level 4 in Translocations
  1376 | D:3      | Reached XP level 6. HP: 46/46 MP: 3/9
  1578 | D:3      | Reached skill level 5 in Translocations
  2401 | D:4      | Noticed a phantom
  2419 | D:4      | Killed a phantom
  2419 | D:4      | Reached XP level 7. HP: 35/51 MP: 7/10
  2785 | D:4      | Reached skill level 7 in Axes
  2785 | D:4      | Reached skill level 6 in Translocations
  2830 | D:4      | Found Ytiv's Gadget Emporium.
  2959 | D:5      | Entered Level 5 of the Dungeon
  2961 | D:5      | Found a hide-covered altar of Uskayaw.
  2982 | D:5      | Noticed kolakolka's ghost (novice TrEE)
  3132 | D:5      | Reached XP level 8. HP: 40/57 MP: 8/11
  3197 | D:5      | Reached skill level 7 in Translocations
  3229 | D:5      | Found an iron altar of Okawaru.
  3270 | D:5      | Reached skill level 8 in Axes
  3400 | D:5      | Slain by kolakolka's ghost

Skill      XL: |  1  2  3  4  5  6  7  8 |
---------------+-------------------------+-----
Axes           | 3 6 7 8 |  8.1
Translocations | 4 5 6 7 |  7.3
Fighting       | |  2.4
Throwing       | |  1.0
Armour         | |  1.2
Dodging        | |  2.1
Spellcasting   | |  2.1

Action                   |  1- 3 |  4- 6 |  7- 9 || total
-------------------------+-------+-------+-------++-------
Melee: Hand axe          |    43 |   124 |       ||   167
       Scythe            |       |    14 |       ||    14
       Flail             |       |    12 |    78 ||    90
       War axe           |       |       |    18 ||    18
 Fire: Blowgun           |       |       |    13 ||    13
Throw: Javelin           |       |    15 |     7 ||    22
       Tomahawk          |       |    13 |       ||    13
 Cast: Shroud of Golubri |     2 |    33 |    24 ||    59
       Blink             |       |     2 |       ||     2
 Abil: Hop               |       |       |     1 ||     1
  Use: Scroll            |     6 |     4 |     2 ||    12
       Potion            |     3 |       |     3 ||     6
 Stab: Invisible         |     1 |       |       ||     1
  Eat: Chunk             |       |     9 |     6 ||    15
Armor: Scale mail        |     7 |       |       ||     7
       Leather armour    |     1 |     4 |       ||     5
       Robe              |       |    41 |    19 ||    60
Dodge: Dodged            |    19 |   100 |    54 ||   173

Table legend:
 A = Turns spent in this place as a percentage of turns spent in the entire game.
 B = Non-inter-level travel turns spent in this place as a percentage of non-inter-level travel turns spent in the entire game.
 C = Inter-level travel turns spent in this place as a percentage of turns spent in this place.
 D = Turns resting spent in this place as a percentage of non-inter-level travel turns spent in this place.
 E = Turns spent auto-exploring this place as a percentage of non-inter-level travel turns spent in this place.
 F = Non-inter-level travel turns spent in this place divided by the number of levels of this place that you've seen.
                   A       B       C       D       E      F
               +-------+-------+-------+-------+-------+----------------------
         Total | 100.0 | 100.0 |  10.0 |   0.4 |   0.9 | 611.8
       Dungeon | 100.0 | 100.0 |  10.0 |   0.4 |   0.9 | 611.8
               +-------+-------+-------+-------+-------+----------------------

Table legend:
 A = Kills in this place as a percentage of kills in entire the game.
 B = Kills by you in this place as a percentage of kills by you in the entire game.
 C = Kills by friends in this place as a percentage of kills by friends in the entire game.
 D = Other kills in this place as a percentage of other kills in the entire game.
 E = Experience gained in this place as a percentage of experience gained in the entire game.
 F = Experience gained in this place divided by the number of levels of this place that you have seen.
                   A       B       C       D       E      F
               +-------+-------+-------+-------+-------+----------------------
         Total | 100.0 | 100.0 |   N/A |   N/A | 100.0 | 295.0
       Dungeon | 100.0 | 100.0 |   N/A |   N/A | 100.0 | 295.0
               +-------+-------+-------+-------+-------+----------------------

Vault maps used:
D:1:      scummos_arrival_hexagon, dk_noncrumbling_4
D:2:      uniq_sigmund
D:4:      serial_shops, shop
D:5:      lemuel_round_altar, first_ration, okawaru_trees_1
